 Dungeon Sprint DCSS version 0.20-a0-1043-gbd57889 (webtiles) character file.

162 Krakonus1 the Covert (level 9, -15/91 HPs)
             Began as a Kobold Hunter on Apr 25, 2017.
             Was a High Priest of Dithmenos.
             Demolished by Aizul (19 damage)
             ... in the Dungeon (Sprint VI: "Thunderdome").
             The game lasted 00:14:23 (753 turns).

Krakonus1 the Covert (Kobold Hunter)                 Turns: 753, Time: 00:14:24

Health: -15/91     AC:  4    Str: 15    XL:     9   Next: 46%
Magic:  16/16      EV: 22    Int: 12    God:    Dithmenos [*****.]
Gold:   205        SH:  0    Dex: 18    Spells: 8/8 levels left

rFire    . . .     SeeInvis .   b - +0 short sword
rCold    . . .     Gourm    .   (shield restricted)
rNeg     . . .     Faith    .   p - +0 troll leather armour
rPois    .         Spirit   .   (no helmet)
rElec    .         Reflect  .   (no cloak)
rCorr    .         Harm     .   (no gloves)
MR       .....     NoTele   +   (no boots)
Stlth    ..........             (no amulet)
Regen    0.7/turn               (no ring)
MPRegen  0.2/turn               (no ring)

@: berserking, lethally poisoned (-15 -> -26), wreathed by umbra, very quick
A: carnivore 3
a: Shadow Step, Shadow Form, Renounce Religion


You were in the Dungeon.
You worshipped Dithmenos.
Dithmenos was extremely pleased with you.
You were completely stuffed.

You visited 1 branch You collected 420 gold pieces.
You spent 215 gold pieces at shops.

Inventory:

Hand Weapons
 a - a +1 hand crossbow
 b - a +0 short sword (weapon)
Armour
 p - a +0 troll leather armour (worn)
Wands
 m - a wand of acid (4/15)
 n - a wand of iceblast (0/15)
Scrolls
 k - 3 scrolls of blinking
 o - 3 scrolls of fog
Potions
 e - a potion of curing
 g - 4 potions of heal wounds
 h - 4 potions of haste
 i - 2 potions of magic
 l - 2 potions of resistance
Comestibles
 c - 2 chunks of flesh
 f - a meat ration


   Skills:
 * Level 9.4 Fighting
 * Level 11.0 Crossbows
 * Level 10.3 Dodging
 * Level 11.7 Stealth
 * Level 9.0 Invocations
 * Level 9.9 Evocations


You had 8 spell levels left.
You didn't know any spells.

Dungeon Overview and Level Annotations

Branches:
Dungeon (1/1)

Altars:
Cheibriados
Dithmenos
Fedhas
Gozag
Kikubaaqudgha
Makhleb
Okawaru
Qazlal
Ru
Sif Muna
Trog
Uskayaw
Vehumet
Wu Jian
Xom
Yredelemnul
Zin
The Shining One
Beogh
Jiyva
Lugonu

Shops:
D *[%??*?*:[((!!!!

Annotations:
D Aizul


Innate Abilities, Weirdness & Mutations

You are small and have problems with some larger weapons.
You are carnivorous and can eat meat at any time.


Message History

Aizul is lightly wounded.
Your shadow closely misses Aizul.
* * * LOW HITPOINT WARNING * * *
You feel sick. Aizul misses you.
You hit Aizul but do no damage.
Aizul is lightly wounded.
* * * LOW HITPOINT WARNING * * *
You feel sick. Aizul barely misses you.
You barely miss Aizul.
Aizul is lightly wounded.
Your shadow misses Aizul.
* * * LOW HITPOINT WARNING * * *
You feel sick. Aizul casts a spell at you. The bolt of poison misses you.
You completely miss Aizul.
Aizul is lightly wounded.
* * * LOW HITPOINT WARNING * * *
You feel sick. Aizul hits you!!
You die...

##.[...## ##∩..((.∩##
#∩.......∩# #_......._#
#_......._# #_...(..).#
###.......(.### #⌠.......S...⌠#
######.8......@..8.######
##∩.__......###.......__∩##
##∩........8.# #.8........∩###
........(....###.............##
..........###...###..........⌠#
..........# #.<.# #..........⌠#
..........###...###..........⌠#
.....).......###.............##
##∩........8.# #.8........∩###


You could see Aizul.

Vanquished Creatures
  A spiny frog (D)
  2 tyrant leeches (D)
  3 blink frogs (D)
  An insubstantial wisp (D)
  2 necrophages (D)
  A big kobold (D)
  6 bullfrogs (D)
  Ijyb (D)
  2 bat zombies (D)
  A goblin (D)
  2 kobolds (D)
  A quokka skeleton (D)
23 creatures vanquished.

Notes
Turn   | Place    | Note
-------+----------+-------------------------------------------
     0 | D        | Krakonus1 the Kobold Hunter began the quest for the Orb.
     0 | D        | Reached XP level 1. HP: 12/12 MP: 1/1
     2 | D        | Found an iron altar of Okawaru.
     2 | D        | Found a shadowy altar of Dithmenos.
     3 | D        | Found a blossoming altar of Fedhas.
     3 | D        | Found a viscous altar of Jiyva.
     4 | D        | Found a hide-covered altar of Uskayaw.
     4 | D        | Found a deep blue altar of Sif Muna.
     4 | D        | Found a stormy altar of Qazlal.
     4 | D        | Found Xeifon's Staff Store.
     4 | D        | Found Fojailae's Magic Scroll Shop.
     5 | D        | Found Mommeih's Distillery.
     5 | D        | Found Kugolari's Must-Have Magic.
     5 | D        | Found Laj Weloemue's Magic Scroll Shop.
     5 | D        | Round 1.
     8 | D        | Noticed a big kobold
    10 | D        | Became a worshipper of Dithmenos the Shadowed
    24 | D        | Killed a big kobold
    24 | D        | Reached XP level 2. HP: 11/20 MP: 1/4
    24 | D        | Reached XP level 3. HP: 14/24 MP: 1/5
    24 | D        | Reached XP level 4. HP: 17/29 MP: 1/6
    59 | D        | Noticed Ijyb
    73 | D        | Killed Ijyb
    73 | D        | Reached skill level 5 in Stealth
    79 | D        | Found a shimmering altar of Xom.
    88 | D        | Reached * piety under Dithmenos
   100 | D        | Reached XP level 5. HP: 21/34 MP: 8/8
   119 | D        | Found a sacrificial altar of Ru.
   120 | D        | Found Effaint's Bee Food.
   121 | D        | Found Obicha Xyci's Jewellery.
   121 | D        | Found Gajualoe's Advanced Armour.
   122 | D        | Found a roughly hewn altar of Beogh.
   122 | D        | Found a snail-covered altar of Cheibriados.
   122 | D        | Found an opulent altar of Gozag.
   122 | D        | Found Plog's Identification Station.
   130 | D        | Arena points: 12 (+12) [x2]
   138 | D        | Found a radiant altar of Vehumet.
   150 | D        | Found a glowing golden altar of the Shining One.
   151 | D        | Found an ancient bone altar of Kikubaaqudgha.
   151 | D        | Found Bysau's Premium Goods.
   152 | D        | Found Iphidogum's Miscellaneous Merchandise.
   152 | D        | Found Hidwov's Basic Armour.
   153 | D        | Found a basalt altar of Yredelemnul.
   153 | D        | Found a burning altar of Makhleb.
   153 | D        | Found an ornate altar of the Wu Jian Council.
   153 | D        | Found Asentaov's Weapon Rack.
   155 | D        | Round 2.
   166 | D        | Bought a +0 troll leather armour for 180 gold pieces
   180 | D        | Found a corrupted altar of Lugonu.
   182 | D        | Found a bloodstained altar of Trog.
   182 | D        | Found a glowing silver altar of Zin.
   184 | D        | Found Lidady's Do-It-Yourself Clinic.
   185 | D        | Found Qeymijuf's Bottled Wisdom.
   185 | D        | Found Ukluusch's Distillery.
   203 | D        | Bought a potion of heal wounds for 35 gold pieces
   216 | D        | Reached ** piety under Dithmenos
   224 | D        | Reached skill level 5 in Dodging
   246 | D        | Noticed a necrophage
   254 | D        | Killed a necrophage
   254 | D        | Reached skill level 5 in Fighting
   254 | D        | Reached skill level 5 in Evocations
   279 | D        | Noticed a necrophage
   286 | D        | Killed a necrophage
   286 | D        | Reached skill level 5 in Invocations
   286 | D        | Reached XP level 6. HP: 41/41 MP: 8/10
   300 | D        | Reached *** piety under Dithmenos
   327 | D        | Noticed a phantom
   334 | D        | Arena points: 24 (+12) [x1]
   349 | D        | Round 3.
   351 | D        | Noticed an insubstantial wisp
   364 | D        | Killed an insubstantial wisp
   364 | D        | Reached XP level 7. HP: 47/47 MP: 10/12
   476 | D        | Noticed a spiny frog
   478 | D        | Noticed a tyrant leech
   479 | D        | Noticed a tyrant leech
   488 | D        | Killed a spiny frog
   488 | D        | Reached **** piety under Dithmenos
   488 | D        | Reached XP level 8. HP: 29/54 MP: 12/14
   494 | D        | Killed a tyrant leech
   494 | D        | Reached skill level 10 in Stealth
   496 | D        | Killed a tyrant leech
   496 | D        | Arena points: 66 (+42) [x2]
   496 | D        | Reached skill level 10 in Crossbows
   538 | D        | Round 4.
   557 | D        | Noticed a blink frog
   558 | D        | Noticed a blink frog
   570 | D        | Killed a blink frog
   570 | D        | Reached XP level 9. HP: 55/60 MP: 15/15
   572 | D        | Noticed a blink frog
   613 | D        | Killed a blink frog
   613 | D        | Reached ***** piety under Dithmenos
   646 | D        | Reached skill level 10 in Dodging
   669 | D        | Killed a blink frog
   694 | D        | Arena points: 162 (+96) [x3]
   716 | D        | Round 5.
   731 | D        | Noticed Aizul
   749 | D        | HP: 9/91 [Aizul/bolt of poison (21)]
   752 | D        | HP: 4/91 [poisoned by Aizul (bolt of poison)]
   753 | D        | Demolished by Aizul

Vault maps used:
D:        arena_sprint

Skill      XL: |  1  2  3  4  5  6  7  8  9 |
---------------+----------------------------+-----
Fighting       | 4 5 6 7 8 9 |  9.4
Crossbows      | 6 7 8 9 10 11 | 11.0
Dodging        | 4 6 7 8 9 10 | 10.3
Stealth        | 4 5 7 8 9 10 11 | 11.7
Invocations    | 3 5 6 7 8 9 |  9.0
Evocations     | 3 4 5 6 8 9 |  9.9

Action                   |  1- 3 |  4- 6 |  7- 9 || total
-------------------------+-------+-------+-------++-------
Melee: Short sword       |       |       |     9 ||     9
       Hand crossbow     |       |       |     1 ||     1
 Fire: Hand crossbow     |    13 |    56 |    73 ||   142
Evoke: Wand              |       |       |     6 ||     6
  Use: Potion            |     1 |       |     1 ||     2
       Scroll            |       |       |     1 ||     1
  Eat: Chunk             |       |       |     8 ||     8
Armor: Leather armour    |     2 |     3 |       ||     5
       Troll leather arm |       |       |     7 ||     7
Dodge: Dodged            |     7 |    10 |   170 ||   187
